Map: Dead of Night

Players

monk

  • Race: Zerg Zerg
  • Spawn Location: 0:00

sTkmonk

  • Race: Terran Terran
  • Spawn Location: 0:00

VOD

Have the link to the VOD?

Description

Time

  • Played on: Nov. 18, 2017, 9 a.m.
  • Length: 18:02
Show
View Real Time Build Order
Export as new Build Order

monk Zerg 

Build Orders:  

Get SALT Encoding   

  12  0:03  Drone  
  13  0:20  Overlord  
  13  0:25  Drone  
  14  0:45  Drone x2  
  14  0:46  Drone  
  14  0:48  Drone  
  18  0:58  Drone  
  18  0:59  Drone  
  20  1:06  Drone  
  21  1:14  Drone  
  22  1:24  Roach Warren  
  22  1:28  Extractor  
  20  1:33  Extractor  
  20  1:35  Overlord  
  19  1:58  Drone  
  20  2:07  Roach, Drone  
  20  2:08  Drone  
  24  2:22  Drone x2  
  24  2:28  Extractor  
  25  2:58  Drone x2  
  27  3:01  Drone  
  28  3:13  Roach  
  28  3:20  Drone x2  
  28  3:28  Overlord  
  28  3:29  Lair  
  30  3:34  Evolution Chamber  
  30  3:35  Brutalisk  
  29  3:55  Drone x2  
  29  3:56  Overlord  
  29  3:57  Drone  
  32  4:11  Drone  
  32  4:13  Drone  
  32  4:19  Incubation Chamber  
  34  4:23  Pneumatized Carapace  
  34  4:29  Spire  
  33  4:32  Overseer  
  33  4:34  Drone  
  33  4:35  Drone x2  
  36  4:47  Drone  
  37  4:52  Queen  
  37  5:01  Bio-Mechanical Transfusion  
  37  5:03  Mutalisk  
  37  5:05  Mutalisk  
  43  5:38  Zerg Flyer Weapons Level 1  
  43  5:40  Queen  
  43  5:53  Mutalisk  
  43  6:02  Overlord x2  
  43  6:07  Queen  
  45  6:10  Queen  
  45  6:17  Overlord x2  
  45  6:21  Leviathan  
  47  6:37  Queen  
  47  6:39  Zerg Missile Weapons Level 1  
  49  6:40  Queen  
  49  6:45  Mutalisk  
  51  7:05  Overseer  
  51  7:07  Queen  
  53  7:10  Queen  
  53  7:13  Leviathan  
  53  7:27  Roach x2  
  53  7:28  Roach  
  53  7:29  Overlord  
  63  7:43  Glial Reconstitution  
  63  7:48  Overseer  
  63  7:52  Drone x2  
  65  8:04  Mutalisk  
  65  8:07  Roach  
  67  8:19  Queen x2  
  67  8:22  Zerg Flyer Weapons Level 2  
  67  8:29  Brutalisk  
  71  8:51  Roach x2  
  71  8:52  Zerg Missile Weapons Level 2  
  71  8:53  Overseer  
  75  9:04  Overlord  
  75  9:19  Queen x2  
  73  9:38  Infestation Pit, Roach x2  
  78  10:20  Hive  
  78  10:21  Roach  
  78  10:22  Roach x4  
  78  10:23  Overseer  
  88  10:41  Mutalisk  
  88  10:50  Roach x2  
  88  10:51  Roach  
  88  10:55  Hydriodic Bile  
  94  11:09  Leviathan  
  94  11:45  Queen  
  94  11:47  Overlord  
  94  11:52  Queen  
  94  11:56  Overlord  
  94  12:15  Queen  
  96  12:22  Queen  
  96  12:25  Zerg Flyer Weapons Level 3  
  96  12:26  Roach  
  98  12:45  Queen  
  98  12:48  Brutalisk  
  98  12:52  Queen  
  96  13:15  Queen  
  98  13:22  Queen  
  98  13:35  Zerg Missile Weapons Level 3  
  98  13:37  Roach x2  
  98  13:38  Overlord x2  
  104  13:45  Queen  
  104  13:46  Roach  
  108  14:03  Overlord x2  
  104  14:42  Overlord x2  
  104  14:43  Mutalisk  
  104  14:44  Mutalisk x4  
  104  14:45  Mutalisk  
  114  15:12  Mutalisk x2  
  114  15:14  Roach  
  116  15:31  Roach x2  
  116  15:35  Roach  
  118  15:53  Roach  
  114  16:04  Mutalisk x3  
  116  16:29  Overseer  
  100  16:30  Overseer  
Show
View Real Time Build Order
Export as new Build Order

sTkmonk Terran 

Build Orders:  

Get SALT Encoding   

Tags
 
Commander
AbathurRaynor
Matchup
Co-op
Replay Pack
Co-op Speedrun
Add a new tag
Caveats
  • Supply blocks, unpowered buildings, or Contaminate may cause inaccurate times.
  • Supply counts are checked every 10 seconds.